Unix NetHack Version 5.0.0-0 post-release - last build Jul 19 2026 19:10:59 (3aa4ab31751d3886436d94b585a96704892fd477,branch:main).

Game began 2026-07-27 03:34:49, ended 2026-07-27 04:09:47.

Anwyn, neutral female human Tourist

  -----
  |...|
  |>..|
  |....#
  |...|####
  ---.-####  -.--------
  #####   #  |........|
  #       ###...<.....+
  #          |........|
 -|---       ----------
 |...|
 |...|
 |...|
 |...|
 |...|
 |....###########f#@r
 -----

Anwyn the Sightseer         St:7 Dx:9 Co:17 In:13 Wi:11 Ch:17  Neutral
Dlvl:6  $:0  HP:0(43) Pw:15(15) AC:9  Xp:5 T:2094 

Latest messages:
 She stole an uncursed coral ring.
 You hear a door open.
 You descend the stairs.
 You climb up the stairs.
 In what direction? h
 You destroy the gnome zombie!
 a - a +2 dart (at the ready) (2 in total).
 You see here 2 tripe rations.
 V - 2 tripe rations.
 You swap places with your kitten.
 You see here a food ration.
 U - a food ration (2 in total).
 You are beginning to feel hungry.
 What do you want to eat? [bd-fhtBOUV or ?*] ?
 This fortune cookie is delicious!
 This cookie has a scrap of paper inside.
 It reads:
 You won't always get a second chance, even with life saving.
 In what direction? l
 In what direction? l
 The dart hits the rabid rat.
 You have no ammunition readied.
 What do you want to fire? [AT or ?*] <space>
 Never mind.
 What do you want to wield? [- AT or ?*] ?
 A - an uncursed crude dagger (weapon in right hand).
 The rabid rat bites!
 You hit the rabid rat.
 The rabid rat bites!
 You hit the rabid rat.
 The rabid rat bites!
 You miss the rabid rat.
 The rabid rat bites!
 You miss the rabid rat.
 The rabid rat bites!
 You miss the rabid rat.
 The rabid rat bites!
 What do you want to drink? [S or ?*] ?
 What do you want to drink? [S or ?*] <space>
 Never mind.
 You miss the rabid rat.
 The rabid rat bites!
 The rabid rat's bite was poisoned!
 You hear the wailing of the Banshee...
 You die...
 Do you want your possessions identified? [ynq] (y) y
 Do you want to see your attributes? [ynq] (y) y
 Do you want an account of creatures vanquished? [ynaq] (y) y
 Do you want to see your conduct and achievements? [ynq] (y) y
 Do you want to see the dungeon overview? [ynq] (y) y

Inventory:
 Weapons  (')')
  T - a cursed -2 elven dagger
  A - a +0 orcish dagger (weapon in right hand)
 Armor    ('[')
  q - an uncursed +0 helm of telepathy (being worn)
  l - an uncursed +0 Hawaiian shirt with a water nymph motif (being worn)
 Comestibles  ('%')
  B - 2 uncursed papayas
  b - an uncursed candy bar labeled "Om-nom"
  d - an uncursed cram ration
  f - an uncursed cream pie
  U - 2 uncursed food rations
  e - 2 uncursed fortune cookies
  t - an uncursed lembas wafer
  h - an uncursed pancake
  V - 2 uncursed tripe rations
  O - an uncursed lichen corpse
 Potions  ('!')
  S - an uncursed potion of water
 Rings    ('=')
  J - an uncursed ring of regeneration (on left hand)
 Wands    ('/')
  N - a wand of cancellation (0:4)
  K - a wand of lightning (0:6)
  E - a wand of secret door detection (0:10)
 Tools    ('(')
  n - an uncursed credit card
  m - an expensive camera (0:63)

Anwyn the Tourist's attributes:

Background:
 You were a Sightseer, a level 5 female human Tourist.
 You were neutral, on a mission for The Lady
 who was opposed by Blind Io (lawful) and Offler (chaotic).
 You were right-handed.
 You were in the Dungeons of Doom, on level 6.
 You entered the dungeon 2094 turns ago.
 It was nighttime.
 You had 246 experience points, 74 more were needed to attain level 6.

Basics:
 You had 0 out of 43 hit points.
 You had all 15 energy points (spell power).
 Your armor class was 9.
 Your wallet was empty.
 Autopickup was on for '$"!/?=' plus thrown.

Final Characteristics:
 Your strength was 7 (peak:9, limit:18/100).
 Your dexterity was 9 (limit:18).
 Your constitution was 17 (limit:18).
 Your intelligence was 13 (limit:18).
 Your wisdom was 11 (limit:18).
 Your charisma was 17 (limit:18).

Final Status:
 You weren't hungry.
 You were unencumbered.
 You were wielding a dagger.
 You were unskilled in dagger.

Final Attributes:
 You were piously aligned.
 You were telepathic.
 You regenerated.
 You are dead.

Miscellaneous:
 You didn't encounter any bones levels.
 Total elapsed playing time was 34 minutes and 57 seconds.

Major events:
 Turn
    1: Anwyn the neutral female human Tourist entered the dungeon
  386: entered the Gnomish Mines
  655: attained the rank of Sightseer (level 3)
 2094: killed by a rabid rat

Spells:
 Name                 Level Category     Fail Retention
 cure blindness         2   healing      100%  76%-100%

Skills:
 Fighting Skills
   bare handed combat [Unskilled]
   two weapon combat  [Unskilled]
   riding             [Unskilled]
 Weapon Skills
   dagger             [Unskilled]
   knife              [Unskilled]
   axe                [Unskilled]
   pick-axe           [Unskilled]
   short sword        [Unskilled]
   broadsword         [Unskilled]
   long sword         [Unskilled]
   two-handed sword   [Unskilled]
   saber              [Unskilled]
   mace               [Unskilled]
   morning star       [Unskilled]
   flail              [Unskilled]
   hammer             [Unskilled]
   quarterstaff       [Unskilled]
   polearms           [Unskilled]
   spear              [Unskilled]
   trident            [Unskilled]
   lance              [Unskilled]
   bow                [Unskilled]
   sling              [Unskilled]
   crossbow           [Unskilled]
   dart               [Basic]
   shuriken           [Unskilled]
   boomerang          [Unskilled]
   whip               [Unskilled]
   unicorn horn       [Unskilled]
 Spellcasting Skills
   divination spells  [Unskilled]
   enchantment spells [Unskilled]
   escape spells      [Unskilled]

Voluntary challenges:
 Character rerolling was not enabled.
 You never genocided any monsters.
 You never polymorphed an object.
 You never changed form.
 You used no wishes.
Achievements:
 You entered the Gnomish Mines.
 You attained the rank of Sightseer.

 The Dungeons of Doom: levels 1 to 7
    Level 1:
       An altar to The Lady.
    Level 2:
       A fountain.
       Stairs down to The Gnomish Mines.
    Level 3:
       Many fountains.
    Level 4: "vault"
       An altar.
    Level 5: "*STASH*"
       Some altars, a fountain.
    Level 6: <- You were here.
       Final resting place for
          you, killed by a rabid rat.
    Level 7:
 The Gnomish Mines:
    Level 3:


Vanquished creatures:
  a rock mole
  3 gnome leaders
  2 giant ants
  a floating eye
  a kitten
  3 homunculi
  a kobold leader
  a rothe
  a giant bat
  2 monkeys
  4 coyotes
  2 hobbits
  7 giant rats
  a cave spider
  a yellow mold
  a red mold
  2 garter snakes
  a gnome zombie
  2 geckos
  5 jackals
  2 goblins
  2 sewer rats
  5 grid bugs
  2 bats
  2 lichens
  5 newts
60 creatures vanquished.

No species were genocided or became extinct.

Game over:
                       ----------
                      /          \
                     /    REST    \
                    /      IN      \
                   /     PEACE      \
                  /                  \
                  |      Anwyn       |
                  |       0 Au       |
                  |   killed by a    |
                  |    rabid rat     |
                  |                  |
                  |                  |
                  |       2026       |
                 *|     *  *  *      | *
        _________)/\\_//(\/(/\)/\//\/|_)_______

Aloha Anwyn the Tourist...

You died in The Dungeons of Doom on dungeon level 6 with 1304 points,
and 0 pieces of gold, after 2094 moves.
You were level 5 with a maximum of 43 hit points when you died.

